 Dungeon Crawl Stone Soup version 0.30.0-15-g856e2d3f33 (webtiles) character file.

Game seed: 4350590018816665504

33 qw the Chopper (level 3, -2/23 HPs)
             Began as a Gargoyle Fighter on May 20, 2023.
             Slain by Jessica
             ... wielding a +0 club
              (7 damage)
             ... on level 2 of the Dungeon.
             The game lasted 00:00:20 (601 turns).

qw the Chopper (Gargoyle Fighter)                    Turns: 601, Time: 00:00:21

Health: -2/23      AC:  0    Str: 21    XL:     3   Next: 29%
Magic:  3/3        EV: 17    Int:  8    God:
Gold:   109        SH:  0    Dex: 14    Spells: 2/2 levels left

rFire   . . .        Y - melded +1 war axe
rCold   . . .        c - melded +0 buckler
rNeg    + . .        b - melded +0 scale mail
rPois   inf          (helmet currently unavailable)
rElec   .            (cloak currently unavailable)
rCorr   .            (gloves currently unavailable)
SInv    .            (boots currently unavailable)
Will    .....        (no amulet)
Stlth   +            k - melded ring of protection from fire
HPRegen 0.23/turn    l - melded ring of protection from cold
MPRegen 0.08/turn

%: no passive effects
@: bat-form, flying, very quick
A: fast, flying, no casting, sickness immunity, AC +3, tiny, negative energy
resistance 1, (electricity resistance), torment resistance 1, petrification
resistance
a: no special abilities


You were on level 2 of the Dungeon.
You were a bat.
You visited 1 branch of the dungeon, and saw 2 of its levels.

You collected 109 gold pieces.


Innate Abilities, Weirdness & Mutations

You are a bat.
You are tiny and dextrous.
You move quickly.
You are flying.
Your equipment is almost entirely melded.
You are incapable of wielding weapons or throwing items.
You cannot cast spells.
You are immune to sickness and miasma.
((Your stone body is resilient. (AC +3)))
You are immune to poison.
You resist negative energy. (rN+)
((You are resistant to electric shocks. (rElec)))
You are resistant to unholy torment.
You are immune to petrification.


   Skills:
 - Level 3.2 Fighting
 + Level 3.3 Axes
 - Level 3.2 Armour
 - Level 3.2 Shields


You had 2 spell levels left.
You didn't know any spells.
Your spell library was empty.

Inventory:

Hand Weapons
 e - a +0 whip
 Y - a +1 war axe (melded)
Missiles
 i - 4 boomerangs (quivered)
Armour
 b - a +0 scale mail (melded)
 c - a +0 buckler (melded)
Jewellery
 f - a ring of resist corrosion
 k - a ring of protection from fire (melded)
 l - a ring of protection from cold (melded)
Scrolls
 a - 2 scrolls of teleportation {unknown}
Potions
 d - 2 potions of might
 g - 2 potions of invisibility {unknown}
 h - a potion of heal wounds {unknown}

Dungeon Overview and Level Annotations

Branches:
Dungeon (2/15)

Altars:

Annotations:
D:2 Jessica


Message History

Jessica drinks a potion.
Jessica seems to grow stronger.
You hit Jessica but do no damage. Jessica closely misses you.
You hit Jessica but do no damage. You hit Jessica but do no damage.
Jessica misses you.
You hit Jessica.
Jessica is moderately wounded.
Jessica gestures at you while chanting.
You barely resist. You barely miss Jessica.
Jessica is moderately wounded.
Jessica hits you with a +0 club!
Ouch! That really hurt!
You hit Jessica but do no damage.
Jessica is moderately wounded.
Jessica casts a spell.
Jessica blinks!
Jessica misses you.
You hit Jessica but do no damage.
Jessica is moderately wounded.
Jessica hits you with a +0 club!
You hit Jessica.
Jessica is moderately wounded.
Jessica completely misses you.
You hit Jessica but do no damage.
Jessica is moderately wounded.
Jessica barely misses you.
You hit Jessica but do no damage.
Jessica is moderately wounded.
You hit Jessica.
Jessica is heavily wounded.
Jessica barely misses you.
You hit Jessica.
Jessica is severely wounded.
Jessica misses you.
You barely miss Jessica.
Jessica is heavily wounded.
Jessica hits you with a +0 club!
You die...

....# ..#### .#
.....# .# ..##..
###.### ..# #
#.....# ..# #.....#
### .######.....#
#########..$....#..#
........# #@b.#
..#####..########.#
#..## ........#
##..# #######.#
###.####### #.#
..........# #.#
#.........#######.#
#.........#.......#
#######......###..#


You could see Jessica (strong).

Vanquished Creatures
  Natasha (D:2)
  A ball python (D:1)
  A goblin (D:1)
  A hobgoblin (D:2)
  A quokka (D:1)
  A frilled lizard (D:1)
  3 kobolds
  3 rats
12 creatures vanquished.

Notes
Turn   | Place    | Note
-------+----------+-------------------------------------------
     0 | D:1      | qw the Gargoyle Fighter began the quest for the Orb.
     0 | D:1      | Reached XP level 1. HP: 14/14 MP: 1/1
     0 | D:1      | 0 ||| qw: Version: 0.2-a-97-g499787f
     0 | D:1      | 0 ||| qw: Game counter: 76
     0 | D:1      | 0 ||| qw: Always use a shield: true
     0 | D:1      | 0 ||| qw: God list: Okawaru
     0 | D:1      | 0 ||| qw: Allow faded altars: false
     0 | D:1      | 0 ||| qw: Do Orc after D:15 true
     0 | D:1      | 0 ||| qw: Do second Lair branch before Depths: true
     0 | D:1      | 0 ||| qw: Lair rune preference: random
     0 | D:1      | 0 ||| qw: Plans: Normal, Zot:1-4, God:TSO, Crypt, Tomb,
                  | Pan, Slime:5, Hells, Abyss, Win
     0 | D:1      | 0 ||| PLANNING D:1-11
   239 | D:1      | Reached XP level 2. HP: 17/19 MP: 2/2
   450 | D:1      | 450 ||| UPGRADING to ring of protection from fire.
   451 | D:1      | 451 ||| UPGRADING to ring of protection from cold.
   452 | D:1      | 452 ||| READING scroll labelled ZECZOAKKUN.
   453 | D:1      | 453 ||| READING scroll labelled NAANWU GEPPIESH.
   454 | D:1      | 454 ||| READING scroll labelled WETIROSHR RYUMI.
   455 | D:1      | 455 ||| READING scroll labelled YJERUL AQISIF.
   486 | D:2      | Noticed Natasha
   495 | D:2      | Killed Natasha
   496 | D:2      | Reached skill level 3 in Axes
   496 | D:2      | Reached XP level 3. HP: 23/23 MP: 3/3
   580 | D:2      | Noticed Jessica
   595 | D:2      | HP: 4/23 [Jessica/+0 club (7)]
   601 | D:2      | Slain by Jessica

Levels and vault maps discovered:
D:1:      pf_arrival_petrified_forest, layout_rooms, hex_tiny,
          corexii_hall_statues_u
D:2:      layout_rooms, hangedman_abyss_or_decor_stabs, uniq_jessica,
          uniq_natasha

Skill      XL: |  1  2 |
---------------+-------+-----
Axes           | 2 3 |  3.3
Fighting       | |  3.2
Armour         | |  3.2
Shields        | |  3.2

Action                     || total
---------------------------++-------
  Melee: War axe           ||    28
         Unarmed           ||    16
  Throw: Boomerang         ||    10
    Use: Scroll            ||     4
 Armour: Scale mail        ||    15
  Dodge: Dodged            ||    20
  Block: Buckler           ||     5

Table legend:
 A = Non-vault XP
 B = Vault XP
 C = Vault XP percentage of total XP
 D = Non-vault monster count
 E = Vault monster count
 F = Vault count percentage of total count
                 A         B        C        D         E       F
            +---------+---------+-------+---------+---------+-------
      Total |      16 |      32 |  66.7 |      11 |       1 |   8.3
            +---------+---------+-------+---------+---------+-------
        D:1 |      12 |       0 |   0.0 |       8 |       0 |   0.0
        D:2 |       4 |      32 |  88.9 |       3 |       1 |  25.0
            +---------+---------+-------+---------+---------+-------
